 Dungeon Crawl Stone Soup version 0.30-a0-266-g2b27a225a3 (webtiles) character file.

Game seed: 16201218179120744290

304989 MrRokkomies the Tortoise (level 20, -7/190 HPs)
             Began as an Armataur Delver on Oct 14, 2022.
             Was a Priest of Cheibriados.
             Killed from afar by a living spell (22 damage)
             ... with an iceblast
             ... summoned by a walking frostbound tome
             ... in a wizard's laboratory.
             The game lasted 01:34:24 (46265 turns).

MrRokkomies the Tortoise (Armataur Delver)         Turns: 46265, Time: 01:34:26

Health: -7/190     AC: 42    Str: 28    XL:     20   Next: 27%
Magic:  31/38      EV: 10    Int: 18    God:    Cheibriados [***...]
Gold:   384        SH: 16    Dex: 26    Spells: 19/19 levels left

rFire   + + +      SeeInvis +    a - +4 scimitar (flame)
rCold   + . .      Faith    .    C - +2 shield of Resistance {rF++ rC++ Will++}
rNeg    . . .      Spirit   .    i - +4 plate armour "Racuva" {MP+9 Slay+3}
rPois   +          Reflect  .    T - +2 helmet {SInv}
rElec   +          Harm     .    K - +1 cloak {rCorr}
rCorr   +          Roll     +    h - +2 pair of gloves
Will    +++..                    M - +4 barding
Stlth   +.........               (no amulet)
HPRegen 0.51/turn                Z - ring "Yridi" {Fire rElec rPois Str+2 Int-3}
MPRegen 0.26/turn                s - ring of resist corrosion

@: lethally poisoned (-7 -> -7), studying Stealth, very slow
A: large, rugged brown scales 3, deformed body, armoured tail, roll, long
tongue, awkward tongue
}: 2/15 runes: decaying, gossamer
a: Renounce Religion, Bend Time, Temporal Distortion


You were in a wizard's laboratory.
You worshipped Cheibriados.
Cheibriados was most pleased with you.
You visited 8 branches of the dungeon, and saw 36 of its levels.
You also visited: Bailey and Wizlab.

You collected 4993 gold pieces.
You spent 4609 gold pieces at shops.

Inventory:

Hand Weapons
 a - a +4 scimitar of flaming (weapon)
 b - the +5 demon whip "Spellbinder" {antimagic, Will+}
   (You bought it in a shop on level 4 of the Vaults)

   It reduces the magical energy of the wielder, and disrupts the spells and
   magical abilities of those it strikes.
   Natural abilities and divine invocations are not affected.
   It unleashes wild and unpredictable magical effects upon striking a wizard or
   a creature with magical abilities.
   Will:      It increases your willpower.
Missiles
 m - 21 boomerangs (quivered)
 t - 2 throwing nets
 u - 5 javelins
 I - 9 curare-tipped darts
 Q - 2 boomerangs of dispersal
Armour
 h - a +2 pair of gloves (worn)
 i - the +4 plate armour "Racuva" (worn) {MP+9 Slay+3}
   (You took it off an orc warrior in a bailey)

   Slay:      It affects your accuracy & damage with ranged weapons and melee
   (+3).
   MP:        It affects your magic capacity (+9).
 C - the +2 shield of Resistance (worn) {rF++ rC++ Will++}
   (You took it off an orc warrior in a bailey)

   rF:        It greatly protects you from fire.
   rC:        It greatly protects you from cold.
   Will:      It greatly increases your willpower.
 K - a +1 cloak of preservation (worn)
 M - a +4 barding (worn)
 T - a +2 helmet of see invisible (worn)
Jewellery
 s - a ring of resist corrosion (right hand)
 X - a ring of willpower
 Z - the ring "Yridi" (left hand) {Fire rElec rPois Str+2 Int-3}
   (You acquired it on level 2 of the Orcish Mines)

   [ring of fire]

   It enhances your fire magic.
   Str:       It affects your strength (+2).
   Int:       It affects your intelligence (-3).
   rF:        It protects you from fire.
   rC:        It makes you vulnerable to cold.
   rElec:     It insulates you from electricity.
   rPois:     It protects you from poison.
Wands
 g - a wand of digging (18)
 j - a wand of polymorph (16)
 o - a wand of flame (93)
 G - a wand of iceblast (8)
 N - a wand of mindburst (13)
 R - a wand of charming (18)
 W - a wand of quicksilver (7)
Scrolls
 c - 11 scrolls of fog
 d - 3 scrolls of magic mapping
 e - 6 scrolls of fear
 p - 3 scrolls of enchant armour
 r - 12 scrolls of teleportation
 x - 5 scrolls of immolation
 y - 5 scrolls of blinking
 D - 5 scrolls of enchant weapon
 F - 8 scrolls of amnesia
 H - 2 scrolls of brand weapon
 L - 3 scrolls of silence
 S - 22 scrolls of identify
 Y - 3 scrolls of poison
Potions
 f - 2 potions of invisibility
 l - 3 potions of magic
 n - 6 potions of flight
 q - 6 potions of ambrosia
 v - a potion of heal wounds
 z - a potion of resistance
 A - 9 potions of brilliance
 B - 5 potions of mutation
 E - 5 potions of attraction
 J - 3 potions of curing
 O - 3 potions of might
 P - 8 potions of lignification
 V - a potion of berserk rage
Miscellaneous
 k - a phial of floods
 w - a lightning rod (4/4)
 U - a phantom mirror


   Skills:
 + Level 15.0 Fighting
 - Level 14.0 Long Blades
 + Level 2.6 Maces & Flails
 * Level 12.5 Throwing
 * Level 18.1 Armour
 - Level 10.2 Dodging
 + Level 10.6 Stealth
 - Level 9.6 Shields
 - Level 12.0 Invocations
 - Level 13.0 Evocations


You had 19 spell levels left.
You didn't know any spells.
Your spell library contained the following spells:

 Spells                   Type           Power      Damage    Failure   Level
 Beastly Appendage        Tmut           0%         N/A       91%         1
 Magic Dart               Conj           0%         1d3       91%         1
 Sandblast                Erth           0%         2d4       91%         1
 Sting                    Tmut/Pois      0%         1d3       91%         1
 Call Imp                 Summ           0%         N/A       97%         2
 Cigotuvi's Dreadful Rot  Necr/Pois/Air  0%         N/A       97%         2
 Passwall                 Tmut/Erth      0%         N/A       97%         2
 Poisonous Vapours        Pois/Air       0%         N/A       97%         2
 Wereblood                Tmut           0%         N/A       97%         2
 Dazzling Flash           Conj/Hex       0%         N/A       99%         3
 Gell's Gravitas          Tloc           0%         N/A       99%         3
 Inner Flame              Hex/Fire       0%         N/A       99%         3
 Lesser Beckoning         Tloc           0%         N/A       99%         3
 Mephitic Cloud           Conj/Pois/Air  0%         N/A       99%         3
 Ozocubu's Armour         Ice            0%         N/A       99%         3
 Portal Projectile        Hex/Tloc       0%         N/A       99%         3
 Spider Form              Tmut/Pois      0%         N/A       99%         3
 Stone Arrow              Conj/Erth      0%         3d7       99%         3
 Teleport Other           Tloc           0%         N/A       99%         3
 Tukima's Dance           Hex            0%         N/A       99%         3
 Animate Armour           Summ/Erth      0%         N/A       100%        4
 Cause Fear               Hex            0%         N/A       100%        4
 Dispel Undead            Necr           0%         3d6       100%        4
 Flame Wave               Conj/Fire      0%         2d4       100%        4
 Olgreb's Toxic Radiance  Pois           0%         N/A       100%        4
 Passage of Golubria      Tloc           0%         N/A       100%        4
 Petrify                  Tmut/Erth      0%         N/A       100%        4
 Sticky Flame             Conj/Fire      0%         2d3       100%        4
 Agony                    Necr           0%         N/A       100%        5
 Blade Hands              Tmut           0%         N/A       100%        5
 Irradiate                Conj/Tmut      0%         3d11      100%        5
 Iskenderun's Battlesphe  Conj           0%         2d6       100%        5
 Metabolic Englaciation   Hex/Ice        0%         N/A       100%        5
 Silence                  Hex/Air        0%         N/A       100%        5
 Death Channel            Necr           0%         N/A       100%        6
 Dispersal                Tloc           0%         N/A       100%        6
 Iron Shot                Conj/Erth      0%         9d1       100%        6
 Simulacrum               Ice/Necr       0%         N/A       100%        6
 Statue Form              Tmut/Erth      0%         N/A       100%        6
 Dragon Form              Tmut           0%         N/A       100%        7
 Ozocubu's Refrigeration  Ice            0%         4d7       100%        7
 Spellforged Servitor     Conj/Summ      0%         N/A       100%        7
 Discord                  Hex            0%         N/A       100%        8
 Lehudib's Crystal Spear  Conj/Erth      0%         10d2      100%        8
 Shatter                  Erth           0%         3d5*      100%        9


Dungeon Overview and Level Annotations

Branches:
Dungeon (15/15)            Temple (1/1) D:4            Lair (5/5) D:9
  Swamp (4/4) Lair:3       Spider (4/4) Lair:2        Slime (0/5) Lair:5
    Orc (2/2) D:10            Elf (1/3) Orc:2        Vaults (4/5) D:14
  Crypt (0/3) Vaults:3     Depths (0/4) D:15         Bailey (visited)
 WizLab (1/1)

Altars:
Cheibriados
Dithmenos
Elyvilon
Fedhas
Gozag
Hepliaklqana
Kikubaaqudgha
Makhleb
Nemelex Xobeh
Okawaru
Qazlal
Ru
Sif Muna
Trog
Uskayaw
Vehumet
Wu Jian
Xom
Yredelemnul
Zin
The Shining One

Shops:
Orc:2 *[:*   Vaults:4 (

Annotations:
D:11 3 runed translucent doors, grizmgrazm2's ghost, journeyman DjFE
Temple 2 transporters
Lair:5 3 runed translucent doors, Xaushiwk's ghost, journeyman DrTm
Vaults:4 3 runed translucent doors, Wenn's ghost, veteran SpEn


Innate Abilities, Weirdness & Mutations

You are completely covered in rugged brown scales. (AC +3, +7% HP)
Armour fits poorly on your strangely shaped body.
You have a long armoured tail.
You roll when moving toward enemies. (Rampage)
Your long tongue fully drains potion bottles. (2x potion effects)
Your tongue gives you trouble enunciating. (1.5x scroll delay)


Message History

The +1 triple crossbow of venom is lightly damaged.
You feel sick.
A +1 hand axe of pain comes into view.
The walking frostbound tome erupts in a flurry of living spells!
You hit the +1 triple crossbow of venom but do no damage.
The +1 triple crossbow of venom is lightly damaged.
The +1 triple crossbow of venom shoots a bolt.
You block the bolt.
You slash the +1 triple crossbow of venom!
You burn the +1 triple crossbow of venom.
You tail-slap the +1 triple crossbow of venom.
The +1 triple crossbow of venom is heavily damaged.
You feel sick.
You hit the +1 triple crossbow of venom.
The +1 triple crossbow of venom is heavily damaged.
The walking frostbound tome erupts in a flurry of living spells!
The +1 triple crossbow of venom shoots a bolt.
You block the bolt.
You hit the +1 triple crossbow of venom but do no damage.
The +1 triple crossbow of venom is heavily damaged.
You feel sick.
The walking frostbound tome erupts in a flurry of living spells!
You slice the +1 triple crossbow of venom!!
You burn the +1 triple crossbow of venom.
The +1 triple crossbow of venom falls from the air.
Cheibriados appreciates the change of pace.
The living spell casts itself at you.
The mass of ice explodes!
The iceblast engulfs you! You partially resist.
* * * LOW HITPOINT WARNING * * *
The living spell casts itself at you.
The mass of ice explodes!
The iceblast engulfs you. You partially resist.
* * * LOW HITPOINT WARNING * * *
Unknown command.
You feel sick. The living spell casts itself at you.
The mass of ice explodes!
The iceblast engulfs you!! You partially resist.
* * * LOW HITPOINT WARNING * * *
The living spell casts itself at you.
The mass of ice explodes!
The iceblast engulfs you!! You partially resist.
You die...

#...##**..
##..##..*#
##..*.(###
##..#.;#
##)..##
##..###
##...##
##.@##
##''##
##).#
##...##
##...##
##...##
##...##
##...## ⌠
##...###
....##


You could see a walking frostbound tome, a +1 hand axe of pain and 4 living
spells.

Vanquished Creatures
  A dread lich (Vaults:4)
  Saint Roka (Vaults:1)
  Nikola (Spider:3)
  Arachne (Spider:2)
  2 walking frostbound tomes (WizLab)
  3 sphinxes
  The ghost of Mandevil the Warrior, an adept AtBe of Trog (Swamp:2)
  Agnes (Spider:3)
  Roxanne (Spider:3)
  2 fenstrider witches
  4 emperor scorpions
  6 ghost moths
  5 vault wardens
  A curse skull (Vaults:3)
  4 orc warlords
  A very ugly thing (Vaults:2)
  6 war gargoyles
  Nessos (D:14)
  10 ironbound preservers
  5 broodmothers
  11 ironbound thunderhulks
  2 eleionomae (Swamp:1)
  A vampire knight (Vaults:3)
  8 bunyips
  2 spark wasps
  16 dire elephants
  Snorg (D:13)
  An eidolon (Vaults:3)
  Josephine (Lair:3)
  10 yaktaur captains
  A crystal guardian (Vaults:3)
  6 entropy weavers
  4 great orbs of eyes (Vaults:4)
  A spectral fenstrider witch (Swamp:2)
  Fannar (Lair:3)
  An ice dragon (D:15)
  4 peacekeepers
  5 rakshasas (WizLab)
  16 hydras
  2 vault guards
  13 centaur warriors
  A ghost crab (Swamp:2)
  3 two-headed ogres
  3 radroaches
  5 catoblepae
  7 boulder beetles
  4 ironbound frosthearts
  3 alligators
  15 death yaks
  3 dancing weapons
  5 skeletal warriors (D:15)
  4 pharaoh ants
  An iron troll (D:14)
  A spark wasp zombie (D:15)
  A soul eater (Vaults:3)
  A goliath frog (Swamp:2)
  2 glowing orange brains
  23 deep trolls
  6 steelbarb worms
  A sun moth (Spider:4)
  A golden dragon zombie (D:15)
  A spectral hydra (Swamp:2)
  8 swamp dragons (Swamp:4)
  11 orb spiders
  An orange crystal statue (Vaults:3)
  7 spriggan druids
  A phantasmal warrior (D:15)
  An orb spider (shapeshifter) (D:14)
  16 bog bodies
  4 wizards
  A harpy (shapeshifter) (D:11)
  6 deep elf zephyrmancers
  17 orc knights
  10 ironbound convokers
  10 lindwurms
  5 deep elf pyromancers
  2 necromancers
  3 harpies (Vaults:1)
  An orc sorcerer (Vaults:1)
  A fire giant zombie (D:15)
  A spectral spriggan (Swamp:2)
  29 wolf spiders
  3 moths of wrath
  A cyclops (D:15)
  4 will-o-the-wisps
  16 elephants
  2 oklob plants (Spider:2)
  20 ugly things
  5 manticores
  4 black mambas
  2 gargoyles
  15 vault sentinels
  4 unseen horrors
  2 torpor snails (Spider:3)
  8 cane toads
  A kobold demonologist (D:13)
  13 demonic crawlers
  A spriggan zombie (D:15)
  2 rime drakes
  8 komodo dragons
  A freezing wraith (D:14)
  25 yaktaurs
  A bunyip simulacrum (Swamp:2)
  A bloated husk (Swamp:1)
  A guardian mummy (D:15)
  A troll (shapeshifter) (D:13)
  7 trolls
  3 tyrant leeches
  35 blink frogs
  57 slime creatures
  6 hornets
  19 tarantellas
  9 dream sheep
  36 jumping spiders
  Sigmund (D:2)
  A culicivora (shapeshifter) (D:14)
  18 culicivoras
  9 spriggans
  5 wraiths
  2 vampires
  4 wyverns
  69 yaks
  Grum (D:11)
  8 basilisks
  A steam dragon (D:7)
  13 vampire mosquitoes
  69 redbacks
  11 swamp worms
  2 wargs
  3 acid dragons (D:11)
  12 water moccasins
  Duvessa (D:6)
  46 orc warriors
  An ice beast (D:8)
  9 swamp drakes
  4 black bears
  14 centaurs
  2 spriggan simulacra (Swamp:2)
  5 ogres
  3 wolves (D:11)
  2 kobold brigands
  12 bullfrogs
  A necrophage (D:4)
  A gnoll sergeant (D:12)
  7 scorpions
  11 killer bees (D:10)
  Dowan (D:6)
  A howler monkey (D:11)
  A crimson imp (D:10)
  6 hounds
  11 orc priests
  3 jellies
  2 gnoll boudas
  An iron imp (D:10)
  17 orc wizards
  3 iguanas
  4 hell rats (Lair:5)
  15 gnolls
  8 adders
  3 shadow imps
  2 white imps
  An ufetubus (D:4)
  A worm (D:2)
  4 dart slugs
  121 orcs
  5 ball pythons
  9 bats
  5 endoplasms
  3 giant cockroaches
  10 goblins
  7 hobgoblins
  6 jackals
  7 quokkas
  3 frilled lizards
  14 kobolds
  4 rats
1329 creatures vanquished.

Vanquished Creatures (collateral kills)
  the Lernaean hydra (Swamp:4)
  A hydra (Swamp:4)
  A sun moth (Spider:2)
  A bog body (Swamp:4)
4 creatures vanquished.

Vanquished Creatures (others)
  A ghost moth (Spider:4)
  A wizard (Vaults:3)
  4 bloated husks
  A meliai (Spider:3)
  An orc (Orc:1)
  A bush (Lair:5)
  14 foxfires (Swamp:2)
  56 fungi
  61 plants
  13 withered plants (D:15)
153 creatures vanquished.

Grand Total: 1486 creatures vanquished

Notes
Turn   | Place    | Note
-------+----------+-------------------------------------------
     0 | D:5      | MrRokkomies the Armataur Delver began the quest for the
                  | Orb.
     0 | D:5      | Reached XP level 1. HP: 19/19 MP: 1/1
    39 | D:5      | Found a blossoming altar of Fedhas.
    91 | D:5      | Noticed an orc wizard
   111 | D:5      | Noticed an iguana
   132 | D:4      | Reached skill level 1 in Armour
   132 | D:4      | Reached XP level 2. HP: 7/26 MP: 2/2
   225 | D:4      | Noticed a +0 short sword
   226 | D:4      | Noticed a +0 spear
   226 | D:4      | Noticed a +0 falchion
   227 | D:4      | Noticed a +0 dagger
   227 | D:4      | Noticed a +0 short sword
   228 | D:4      | Noticed a +0 spear
   228 | D:4      | Noticed a +0 falchion
   228 | D:4      | Noticed a +0 dagger
   276 | D:4      | Noticed a necrophage
   458 | D:4      | Reached skill level 2 in Armour
   458 | D:4      | Reached XP level 3. HP: 27/33 MP: 3/3
  1020 | D:1      | Reached XP level 4. HP: 11/40 MP: 4/4
  1835 | D:2      | Reached skill level 3 in Armour
  2120 | D:2      | Noticed Sigmund
  2138 | D:2      | Killed Sigmund
  2139 | D:2      | Reached skill level 4 in Armour
  2139 | D:2      | Reached XP level 5. HP: 40/50 MP: 5/5
  2139 | D:2      | Reached XP level 6. HP: 45/56 MP: 6/6
  2435 | D:2      | Found a burning altar of Makhleb.
  2809 | D:3      | Identified the +4 short sword of the Shining Light {venom,
                  | rC+ SInv}
  2901 | D:3      | Found a glowing silver altar of Zin.
  3333 | D:4      | Found a staircase to the Ecumenical Temple.
  3342 | Temple   | Entered the Ecumenical Temple
  3342 | Temple   | Found a transporter.
  3342 | Temple   | Found a transporter.
  3344 | Temple   | Found a transporter.
  3344 | Temple   | Found a transporter.
  3362 | Temple   | Became a worshipper of Cheibriados the Contemplative
  3490 | D:4      | Reached skill level 1 in Invocations
  3582 | D:4      | Found a hide-covered altar of Uskayaw.
  3710 | D:5      | Noticed a water moccasin
  3715 | D:5      | Killed a water moccasin
  3716 | D:5      | Reached skill level 5 in Fighting
  3716 | D:5      | Reached skill level 5 in Armour
  3716 | D:5      | Reached XP level 7. HP: 59/65 MP: 6/8
  3816 | D:5      | Found a radiant altar of Vehumet.
  3825 | D:5      | Found a glowing golden altar of the Shining One.
  4209 | D:6      | Reached * piety under Cheibriados
  4395 | D:6      | Noticed Dowan
  4396 | D:6      | Noticed Duvessa
  4404 | D:6      | Killed Dowan
  4405 | D:6      | Reached XP level 8. HP: 66/74 MP: 10/10
  4415 | D:6      | Killed Duvessa
  4808 | D:6      | Reached skill level 6 in Armour
  4903 | D:6      | Reached ** piety under Cheibriados
  5136 | D:7      | Reached skill level 5 in Invocations
  5147 | D:7      | Reached XP level 9. HP: 21/84 MP: 11/13
  5161 | D:7      | Reached skill level 7 in Armour
  5698 | D:7      | Found a sparkling altar of Nemelex Xobeh.
  6235 | D:8      | Reached *** piety under Cheibriados
  6288 | D:8      | Found a flagged portal.
  6308 | Bailey   | Entered a bailey
  6632 | Bailey   | Noticed an orc knight
  6648 | Bailey   | Reached XP level 10. HP: 80/94 MP: 15/15
  6657 | Bailey   | HP: 3/95 [orc warrior/+0 halberd (11)]
  6929 | Bailey   | Identified the +4 plate armour "Racuva" {MP+9 Slay+3}
  7279 | Bailey   | Killed an orc knight
  7280 | Bailey   | Reached skill level 8 in Armour
  7619 | D:8      | Found a shadowy altar of Dithmenos.
  7667 | D:8      | Reached skill level 1 in Shields
  7711 | D:8      | Reached **** piety under Cheibriados
  8432 | D:9      | Reached ***** piety under Cheibriados
  8473 | D:9      | Found a staircase to the Lair.
  8648 | D:9      | Found a sacrificial altar of Ru.
  9257 | D:10     | Entered Level 10 of the Dungeon
  9313 | D:10     | Reached skill level 9 in Armour
  9419 | D:10     | Reached XP level 11. HP: 88/103 MP: 17/17
  9679 | D:10     | Found a staircase to the Orcish Mines.
  9873 | D:10     | Noticed a sea snake
 10031 | D:10     | Found a hazy altar of Hepliaklqana.
 10054 | D:10     | Reached ****** piety under Cheibriados
 10057 | D:10     | Noticed a two-headed ogre
 10068 | D:10     | Killed a two-headed ogre
 10069 | D:10     | Reached skill level 10 in Fighting
 10200 | D:10     | Noticed a deep elf zephyrmancer
 10218 | D:10     | Killed a deep elf zephyrmancer
 10327 | D:10     | Noticed a deep elf zephyrmancer
 10333 | D:10     | Killed a deep elf zephyrmancer
 10730 | Lair:1   | Entered Level 1 of the Lair of Beasts
 10812 | Lair:1   | Reached skill level 1 in Long Blades
 10824 | Lair:1   | Reached skill level 10 in Invocations
 11211 | Lair:1   | Reached skill level 5 in Shields
 11237 | Lair:1   | Reached skill level 10 in Armour
 11941 | Lair:2   | Reached XP level 12. HP: 106/113 MP: 20/20
 12171 | Lair:2   | Found a hole to the Spider Nest.
 12533 | Lair:2   | You fall into a shaft and drop 1 floor!
 12540 | Lair:3   | Noticed Josephine
 12553 | Lair:3   | Killed Josephine
 12554 | Lair:3   | Reached skill level 5 in Long Blades
 12698 | Lair:3   | Noticed a six-headed hydra
 12705 | Lair:3   | Killed a one-headed hydra
 13250 | Lair:3   | Found a staircase to the Swamp.
 13465 | Lair:3   | Noticed Fannar
 13484 | Lair:3   | Killed Fannar
 13485 | Lair:3   | Reached skill level 11 in Armour
 13944 | Lair:4   | Noticed a seven-headed hydra
 13966 | Lair:4   | Killed a three-headed hydra
 14313 | Lair:4   | Reached XP level 13. HP: 49/120 MP: 22/22
 14989 | Lair:4   | Reached skill level 12 in Armour
 15805 | Lair:5   | Entered Level 5 of the Lair of Beasts
 16563 | Lair:5   | Identified the +6 shortbow of the Final Chapter {flame, Fly
                  | rPois Stlth+}
 16779 | Lair:5   | Found a staircase to the Slime Pits.
 16989 | Lair:5   | Reached skill level 10 in Long Blades
 16989 | Lair:5   | Reached skill level 13 in Armour
 17102 | Lair:5   | Found a runed translucent gate.
 17102 | Lair:5   | Found a runed translucent gate.
 17102 | Lair:5   | Found a runed translucent gate.
 17421 | Lair:5   | Reached skill level 1 in Evocations
 17421 | Lair:5   | Reached XP level 14. HP: 67/129 MP: 23/23
 17677 | Lair:5   | Noticed Xaushiwk's ghost (journeyman DrTm)
 19052 | Orc:1    | Entered Level 1 of the Orcish Mines
 19550 | Orc:2    | Entered Level 2 of the Orcish Mines
 19555 | Orc:2    | Found a staircase to the Elven Halls.
 19781 | Orc:2    | Found Zikkemoen's Antique Armour Shoppe.
 19781 | Orc:2    | Found Arigheg's Book Boutique.
 19784 | Orc:2    | Reached skill level 5 in Evocations
 20086 | Orc:2    | Found Kecwu's General Store.
 20088 | Orc:2    | Found Alupyjist's General Store.
 20092 | Orc:2    | Bought a glowing cloak for 225 gold pieces
 20100 | Orc:2    | Bought a scroll of enchant armour for 105 gold pieces
 20100 | Orc:2    | Bought a scroll of acquirement for 728 gold pieces
 20105 | Orc:2    | Acquired the ring "Yridi" {Fire rElec rPois Str+2 Int-3}
 20815 | D:11     | Noticed Grum
 20830 | D:11     | Killed Grum
 21042 | D:11     | Found a runed translucent gate.
 21042 | D:11     | Found a runed translucent gate.
 21042 | D:11     | Found a runed translucent gate.
 21043 | D:11     | Noticed grizmgrazm2's ghost (journeyman DjFE)
 22533 | D:13     | Identified the -1 pair of gloves of Intense Contentment
                  | {rPois SInv}
 22774 | D:13     | Reached XP level 15. HP: 133/138 MP: 24/24
 22847 | D:13     | Noticed Snorg
 22853 | D:13     | Killed Snorg
 23786 | D:14     | Found a gate to the Vaults.
 23897 | D:14     | Noticed Nessos
 23906 | D:14     | Killed Nessos
 24004 | D:14     | Reached skill level 5 in Dodging
 24026 | D:14     | Identified the +0 quarterstaff "Vaikev" {distort, rC+}
 24121 | D:15     | Entered Level 15 of the Dungeon
 24305 | D:15     | Found a shadowy altar of Dithmenos.
 25064 | D:15     | Found a staircase to the Depths.
 25923 | Spider:1 | Entered Level 1 of the Spider Nest
 26096 | Spider:1 | Identified the +9 glaive "Luthriun" {vorpal, Dex+4}
 26356 | Spider:1 | Noticed an emperor scorpion
 26373 | Spider:1 | Killed an emperor scorpion
 27366 | Spider:2 | Reached XP level 16. HP: 127/148 MP: 25/25
 27622 | Spider:2 | Noticed Arachne
 27648 | Spider:2 | Killed Arachne
 27974 | Spider:2 | You fall into a shaft and drop 1 floor!
 29241 | Spider:3 | Noticed Agnes
 29246 | Spider:3 | Killed Agnes
 29959 | Spider:3 | Reached skill level 1 in Throwing
 30022 | Spider:3 | Identified Roxanne's Writings on Minerals
 30022 | Spider:3 | Noticed Roxanne
 30063 | Spider:3 | Killed Roxanne
 30311 | Spider:3 | Noticed Nikola
 30327 | Spider:3 | Killed Nikola
 30845 | Spider:4 | Entered Level 4 of the Spider Nest
 30879 | Spider:4 | Reached XP level 17. HP: 144/158 MP: 26/26
 31503 | Spider:4 | Reached skill level 10 in Evocations
 31893 | Spider:4 | Reached skill level 5 in Throwing
 32381 | Spider:4 | Got a gossamer rune of Zot
 32649 | Swamp:1  | Entered Level 1 of the Swamp
 33089 | Swamp:1  | Identified the +0 robe of Gozag's Inspiration {Regen+}
 33887 | Swamp:2  | Reached skill level 10 in Dodging
 34008 | Swamp:2  | Found a transporter.
 34078 | Swamp:2  | Found a transporter.
 34081 | Swamp:2  | Noticed Mandevil's ghost (adept AtBe)
 34296 | Swamp:2  | Killed Mandevil's ghost
 34911 | Swamp:4  | Entered Level 4 of the Swamp
 34975 | Swamp:4  | Reached XP level 18. HP: 102/169 MP: 27/27
 35229 | Swamp:4  | Noticed the 27-headed Lernaean hydra
 35233 | Swamp:4  | Killed the 27-headed Lernaean hydra
 35287 | Swamp:4  | Got a decaying rune of Zot
 35480 | Swamp:4  | Found the +8 Wrath of Trog {antimagic, *Rage Rampage}
 35592 | Swamp:4  | Reached skill level 14 in Armour
 36174 | Vaults:1 | Entered Level 1 of the Vaults
 37713 | Vaults:1 | Reached skill level 15 in Armour
 37815 | Vaults:1 | Noticed Saint Roka
 37831 | Vaults:1 | Killed Saint Roka
 39232 | Vaults:2 | Reached skill level 10 in Throwing
 39604 | Vaults:2 | Reached XP level 19. HP: 160/178 MP: 28/28
 40127 | Vaults:2 | Reached skill level 16 in Armour
 42282 | Vaults:3 | Found a staircase to the Crypt.
 42537 | Vaults:3 | Reached skill level 17 in Armour
 43793 | Vaults:3 | Acquired 1013 gold pieces
 44555 | Vaults:4 | Found Lieni's Antique Weapon Shop.
 44563 | Vaults:4 | Bought the +5 demon whip "Spellbinder" {antimagic, Will+}
                  | for 3551 gold pieces
 44563 | Vaults:4 | Found the +5 demon whip "Spellbinder" {antimagic, Will+}
 44565 | Vaults:4 | Noticed a dread lich
 44566 | Vaults:4 | Found a runed translucent gate.
 44566 | Vaults:4 | Found a runed translucent gate.
 44566 | Vaults:4 | Found a runed translucent gate.
 44566 | Vaults:4 | Found an ancient bone altar of Kikubaaqudgha.
 44566 | Vaults:4 | Noticed a dread lich
 44566 | Vaults:4 | Noticed Wenn's ghost (veteran SpEn)
 44907 | Vaults:4 | Reached XP level 20. HP: 138/189 MP: 29/29
 45062 | Vaults:4 | Killed a dread lich
 45482 | Vaults:4 | Reached skill level 10 in Stealth
 45963 | Elf:1    | Entered Level 1 of the Elven Halls
 45972 | Elf:1    | Reached skill level 18 in Armour
 45994 | Elf:1    | Reached skill level 15 in Fighting
 46023 | Elf:1    | Found a magical portal.
 46041 | WizLab   | Entered Tukima's Studio
 46265 | WizLab   | Killed from afar by a living spell

Illustrated notes

Levels and vault maps discovered:
D:1:      evilmike_arrival_rings, layout_basic, minmay_misc_feat_cross
D:2:      wad_crossroads, layout_basic, basic_altar, uniq_sigmund
D:3:      layout_loops_ring, nicolae_overflow_crystal_walls, minmay_quantized
D:4:      nicolae_cairo_tiling, layout_loops_ring, nicolae_uskayaw_en_pointe,
          temple_hall
D:5:      layout_cave_pools, amethyst_overflow_temple_binary,
          lemuel_doored_altar, enter_ossuary_3
D:6:      layout_basic, uniq_duvessa
D:7:      layout_gridville, mainiacjoe_overflow_six_doors_small, st_stairs_7
D:8:      layout_basic, mainiacjoe_overflow_boulevard, enter_bailey_7,
          special_room [special_room_orc]
D:9:      layout_roguey, nicolae_ru_great_annihilating_truth,
          due_lair_maze_entry_diamond
D:10:     layout_loops_ring, nzn_hepliaklqana_mist_gate, erik_orc_3,
          serial_aquarium, aquarium_bridge_square [aquarium_subvault_bridge,
          aquarium_subvault_bridge, aquarium_subvault_window,
          aquarium_subvault_balcony], aquarium_window_fake,
          aquarium_window_corridor_2, aquarium_view_2c, aquarium_view_2b,
          chequers_mini_garden, hangedman_minor_magic
D:11:     minmay_inner_zag, layout_basic, gammafunk_ghost_spectres,
          eino_small_chamber_without_monster, uniq_grum
D:12:     layout_irregular_city
D:13:     layout_roguey, uniq_snorg
D:14:     layout_cross, david_vaults_4, hangedman_decor_lopped,
          minmay_lindwurm_lava, uniq_nessos
D:15:     gammafunk_depths_entry_grave, layout_long_grid, serial_park_square3
          [serial_park_minivault_5x5_5],
          nicolae_dithmenos_through_a_glass_darkly
Temple:   hellmonk_temple_divided_pantheon
Lair:1:   layout_regular_city, grunt_megastairs_1
Lair:2:   layout_long_grid, spider_nest_entry_webs
Lair:3:   layout_small_grid, minmay_swamp_entry_worms, uniq_josephine,
          uniq_fannar
Lair:4:   nzn_winding_woodlands_three_and_one
          [nzn_winding_woodlands_5x15_zeroes,
          nzn_winding_woodlands_5x15_pockets, nzn_winding_woodlands_5x15_garden,
          nzn_winding_woodlands_center_pierced_h], layout_cave_pods,
          nicolae_quartered_pool_little, infiniplex_staircase_pool
Lair:5:   evilmike_catoblepas_cave, layout_loops_ring, slime_entry_1,
          ebering_ghost_rock_garden
Swamp:1:  layout_falls_marsh, evilmike_swamp_ruin_house_4
Swamp:2:  layout_basic_swamp, gammafunk_ghost_mausoleum,
          evilmike_swamp_ruin_wall, swamp_pool4
Swamp:3:  layout_basic_swamp, evilmike_swamp_ruin_house_2
Swamp:4:  grunt_swamp_rune_castle, layout_basic_swamp, swamp_pool1
Spider:1: layout_chambers, hangedman_spider_tarantella_strand
Spider:2: spider_temple_joshua, nicolae_crawler_farm, uniq_arachne
Spider:3: nicolae_spider_corner, uniq_roxanne, uniq_agnes, uniq_nikola
Spider:4: grunt_spider_rune_parallel
Orc:1:    layout_caves
Orc:2:    st_orc_rangers, layout_diamond_mine
Elf:1:    minmay_elf_arrival_plus, layout_geoelf_grid,
          infiniplex_enter_wizlab_water, serial_glass, glass_columns_a,
          glass_columns_b, glass_columns_b, glass_columns_a, glass_columns_a,
          minmay_strange_pillars, feat_on_display, minmay_strange_pillars,
          minmay_elf_annihilation
Vaults:1: nicolae_vaults_network_quinsquares
          [nicolae_vaults_network_quincunx_subvault,
          nicolae_vaults_network_quincunx_subvault,
          nicolae_vaults_network_quincunx_subvault,
          nicolae_vaults_network_quincunx_subvault],
          nicolae_vaults_inception_corners, v_misc_24, nicolae_vaults_little_ls,
          nicolae_vaults_little_squares_5, vaults_room_pools,
          nicolae_vaults_little_squares_6, v_misc_8, vaults_room_large_hall,
          layout_vaults_chaotic_city, uniq_saint_roka
Vaults:2: v_alt_pattern_1, v_alt_pattern_4, v_alt_pattern_6,
          vaults_room_semicircle, ontoclasm_vaults_hangar,
          hangedman_vaults_slither, nicolae_vaults_network_square,
          vaults_mumra_minichess_inversion, hangedman_vaults_capsules,
          grunt_vaults_twisty, v_misc_8, nicolae_vaults_little_squares_2,
          layout_vaults_big_cross
Vaults:3: nicolae_vaults_rhombus_5, vaults_room_stairs_pillars,
          nicolae_vaults_network_star, v_alt_pattern_1,
          minmay_crypt_entry_simple_corners, grunt_vaults_bifocal,
          vaults_standard_mumra_x, ontoclasm_vaults_pinch, v_rooms_3,
          ontoclasm_vaults_decontamination, nicolae_vaults_statue_guard,
          vaults_room_fancy_cross, vaults_mumra_hexcomb, vaults_dpeg_spiral,
          nicolae_vaults_big_ls, layout_vaults_maze
Vaults:4: gammafunk_ghost_crypt, ontoclasm_vaults_spin,
          nicolae_vaults_mini_display_case, v_misc_10,
          nicolae_vaults_network_quincunx
          [nicolae_vaults_network_quincunx_subvault,
          nicolae_vaults_network_quincunx_subvault,
          nicolae_vaults_network_quincunx_subvault,
          nicolae_vaults_network_quincunx_subvault,
          nicolae_vaults_network_quincunx_subvault], vaults_room_corners,
          nicolae_vaults_angled_halls, layout_vaults_omnigrid, serial_shops,
          shop_fountains
WizLab:   wizlab_tukima

Skill      XL: |  1  2  3  4  5  6  7  8  9 10 11 12 13 14 15 16 17 18 19 20 |
---------------+-------------------------------------------------------------+-----
Armour         | 1 2 4 5 6 7 9 10 11 13 15 17 18 | 18.1
Fighting       | 3 4 5 7 8 9 10 11 12 13 14 15 | 15.0
Stealth        | 6 7 8 9 10 | 10.6
Invocations    | 1 3 5 7 9 10 12 | 12.0
Shields        | 3 5 7 9 |  9.6
Long Blades    | 3 7 10 11 13 14 | 14.0
Evocations     | 1 6 8 9 10 12 13 | 13.0
Dodging        | 3 6 8 10 | 10.2
Throwing       | 3 7 10 12 | 12.5
Maces & Flails | 2 |  2.6

Action                   |  1- 3 |  4- 6 |  7- 9 | 10-12 | 13-15 | 16-18 | 19-21 || total
-------------------------+-------+-------+-------+-------+-------+-------+-------++-------
Melee: Mace              |    58 |   119 |       |       |       |       |       ||   177
       Tailslap          |     8 |    22 |    53 |   198 |   314 |   405 |   225 ||  1225
       Short sword       |       |    74 |   303 |   756 |   364 |       |       ||  1497
       Punch             |       |       |     3 |       |       |       |       ||     3
       Scimitar          |       |       |       |    24 |   955 |  1501 |   816 ||  3296
       Demon whip        |       |       |       |       |       |       |     7 ||     7
Throw: Javelin           |       |       |       |     4 |       |       |       ||     4
       Boomerang         |       |       |       |     1 |     2 |    44 |     9 ||    56
       Dart              |       |       |       |     1 |       |       |       ||     1
Invok: Bend Time         |       |       |       |     3 |     1 |     1 |       ||     5
       Slouch            |       |       |       |     1 |    18 |    20 |    14 ||    53
       Step From Time    |       |       |       |       |       |     1 |     1 ||     2
Evoke: Wand              |       |       |     2 |     8 |     2 |     1 |     2 ||    15
       Lightning rod     |       |       |       |       |     7 |       |       ||     7
       Phantom mirror    |       |       |       |       |       |     2 |       ||     2
       Phial of floods   |       |       |       |       |       |     1 |       ||     1
  Use: Scroll            |     5 |     7 |     5 |    10 |    11 |     3 |     4 ||    45
       Potion            |     1 |     1 |     4 |     4 |     6 |     8 |     6 ||    30
 Stab: Sleeping          |     4 |     3 |     1 |       |       |       |       ||     8
       Invisible         |       |       |     5 |       |       |       |       ||     5
       Paralysed         |       |       |       |     1 |       |       |       ||     1
       Petrified         |       |       |       |       |     7 |       |       ||     7
       Distracted        |       |       |       |       |       |     2 |       ||     2
       Held in net/web   |       |       |       |       |       |     1 |       ||     1
       Confused          |       |       |       |       |       |     2 |       ||     2
Armor: Leather armour    |    32 |       |       |       |       |       |       ||    32
       Scale mail        |     4 |     2 |       |       |       |       |       ||     6
       Chain mail        |       |   144 |   261 |    13 |       |       |       ||   418
       Plate armour      |       |       |       |   420 |   790 |   886 |   480 ||  2576
Dodge: Dodged            |    37 |    59 |   115 |   151 |   355 |   592 |   344 ||  1653
Block: Kite shield       |       |       |       |   616 |  1312 |  1319 |   671 ||  3918

Table legend: (Time is in decaauts)
 A = Elapsed time spent in this place.
 B = Non-inter-level travel time spent in this place.
 C = Inter-level travel time spent in this place.
 D = Time resting spent in this place.
 E = Time spent auto-exploring this place.
 F = Levels seen in this place.
 G = Mean time per level.
                   A        B        C        D        E       F      G
               +--------+--------+--------+--------+--------+-----+--------+
         Total |  64816 |  61146 |   3670 |   9154 |  42087 |  38 | 1705.7 |
       Dungeon |  20170 |  18681 |   1489 |   1572 |  13964 |  15 | 1344.7 |
        Temple |     38 |     21 |     17 |      0 |      6 |   1 |   38.0 |
          Lair |  12352 |  11600 |    752 |   2023 |   8030 |   5 | 2470.4 |
         Swamp |   5205 |   4848 |    357 |    187 |   3910 |   4 | 1301.2 |
   Spider Nest |   9378 |   8955 |    423 |   1788 |   5616 |   4 | 2344.5 |
  Orcish Mines |   2583 |   2484 |     99 |    376 |   1843 |   2 | 1291.5 |
   Elven Halls |    114 |    114 |      0 |      0 |      0 |   1 |  114.0 |
        Vaults |  13365 |  12834 |    531 |   2441 |   8536 |   4 | 3341.2 |
        Bailey |   1387 |   1387 |      0 |    650 |    176 |   1 | 1387.0 |
        Wizlab |    221 |    221 |      0 |    115 |      3 |   1 |  221.0 |
               +--------+--------+--------+--------+--------+-----+--------+

Top non-repeatable levels by time:
Vaults:1: 4407 daAuts
  Lair:5: 3904 daAuts
Vaults:3: 3279 daAuts
Vaults:2: 2950 daAuts
Spider:3: 2799 daAuts
  Lair:4: 2791 daAuts
Vaults:4: 2728 daAuts
Spider:1: 2661 daAuts
    D:10: 2320 daAuts
    D:15: 2168 daAuts
Spider:4: 2128 daAuts
  Lair:3: 2062 daAuts
  Lair:1: 1949 daAuts
   Orc:2: 1802 daAuts
Spider:2: 1788 daAuts
